 Dungeon Crawl Stone Soup version 0.27-a0-1202-ge72e49191c (webtiles) character file.

Game seed: 9401677506807504208

2 deadmanwalking the Sneak (level 1, -2/11 HPs)
             Began as a Spriggan Delver on June 2, 2021.
             Slain by a quokka (3 damage)
             ... on level 5 of the Dungeon.
             The game lasted 00:00:28 (83 turns).

deadmanwalking the Sneak (Spriggan Delver)            Turns: 83, Time: 00:00:29

Health: -2/11      AC:  2    Str:  8    XL:     1   Next: 25%
Magic:  2/2        EV: 17    Int: 11    God:
Gold:   0          SH:  0    Dex: 16    Spells: 0/0 levels left

rFire    . . .     SeeInvis +   a - +0 short sword
rCold    . . .     Faith    .   (shield restricted)
rNeg     . . .     Spirit   .   b - +0 robe
rPois    .         Reflect  .   (helmet restricted)
rElec    .         Harm     .   (no cloak)
rCorr    .         Rampage  .   (gloves unavailable)
Will     .....                  (boots unavailable)
Stlth    ++++......             (no amulet)
HPRegen  0.03/turn              (no ring)
MPRegen  0.08/turn              (no ring)

@: very quick
A: very small, no large weapons, unfitting armour, see invisible, speed 3
a: no special abilities


You were on level 5 of the Dungeon.
You visited 1 branch of the dungeon, and saw 2 of its levels.

Inventory:

Hand Weapons
 a - a +0 short sword (weapon)
Armour
 b - a +0 robe (worn)
Wands
 g - a wand of digging (3)
Scrolls
 c - a scroll of fog
 d - a scroll of magic mapping
 e - a scroll of fear
Potions
 f - a potion of haste


   Skills:
 - Level 2.4 Fighting
 + Level 2.2 Short Blades
 + Level 2.7 Dodging
 + Level 7.3 Stealth


You couldn't memorise any spells.
You didn't know any spells.
Your spell library was empty.

Dungeon Overview and Level Annotations

Branches:
Dungeon (5/15)
 Temple: D:4-7

Altars:


Innate Abilities, Weirdness & Mutations

You are very small and have problems with some larger weapons.
You are too small for most types of armour.
You have supernaturally acute eyesight. (SInv)
You cover ground extremely quickly. (Speed+++)


Message History

You hit the goblin.
You kill the goblin!
Things that are here:
a +0 dagger; a goblin corpse You start resting.
HP restored.
There is a stone staircase leading up here.
You can't go down here!
You climb upwards.
The ball python misses you. x2
The quokka closely misses you.
A dart slug comes into view.
The ball python bites you. The ball python grabs you.
The ball python constricts you.
There is a stone staircase leading down here.
You escape the ball python's grasp.
The quokka closely misses you.
You climb downwards.
There is a stone staircase leading up here.
You closely miss the ball python. The quokka barely misses you.
The ball python completely misses you. x2; The quokka completely misses you.
The ball python bites you but does no damage.
The ball python grabs you. The ball python constricts you.
You barely miss the ball python. The quokka bites you.
The ball python bites you.
* * * LOW HITPOINT WARNING * * *
The ball python constricts you.
You barely miss the ball python. The quokka closely misses you.
The ball python closely misses you. The ball python constricts you.
You hit the ball python.
You kill the ball python!
The quokka closely misses you.
You closely miss the quokka. The quokka misses you.
You closely miss the quokka. The quokka misses you.
The quokka completely misses you.
You closely miss the quokka. The quokka bites you.
* * * LOW HITPOINT WARNING * * *
You closely miss the quokka. The quokka closely misses you.
You hit the quokka.
The quokka is heavily wounded.
The quokka bites you.
You die...

#. #..... #.##....
#......# # #......#.#
####.....>..####
#................
#####...............#
#............)#.#.#.#
#......)@...........#
#.....#r†.....#.#.#.#
#.... #####.........#
#### #...#.#.#.#
##........ .......
######


You could see a quokka.

Vanquished Creatures
  A goblin (D:5)
  A ball python (D:5)
2 creatures vanquished.

Notes
Turn   | Place    | Note
-------+----------+-------------------------------------------
     0 | D:5      | deadmanwalking the Spriggan Delver began the quest for the
                  | Orb.
     0 | D:5      | Reached XP level 1. HP: 11/11 MP: 2/2
    83 | D:5      | Slain by a quokka

Illustrated notes

Levels and vault maps discovered:
D:4:      layout_basic, minmay_manual_mess
D:5:      layout_basic, glass_columns_b, uniq_eustachio

Action                   || total
-------------------------++-------
Melee: Short sword       ||    15
Armor: Robe              ||     1
Dodge: Dodged            ||    19

Table legend: (Time is in decaauts)
 A = Elapsed time spent in this place.
 B = Non-inter-level travel time spent in this place.
 C = Inter-level travel time spent in this place.
 D = Time resting spent in this place.
 E = Time spent auto-exploring this place.
 F = Levels seen in this place.
 G = Mean time per level.
                   A        B        C        D        E       F      G
               +--------+--------+--------+--------+--------+-----+--------+
         Total |     81 |     81 |      0 |     51 |      0 |   2 |   40.5 |
       Dungeon |     81 |     81 |      0 |     51 |      0 |   2 |   40.5 |
               +--------+--------+--------+--------+--------+-----+--------+

Top non-repeatable levels by time:
     D:5: 74 daAuts
     D:4: 7 daAuts
